 Dungeon Crawl Stone Soup version 0.22-a0-21-g9421e3f (webtiles) character file.

648 mopl the Chopper (level 7, -4/55 HPs)
             Began as a Demonspawn Wanderer on Jan 2, 2018.
             Was an Initiate of Makhleb.
             Slain by a two-headed ogre
             ... wielding a +0 giant spiked club
              (27 damage)
             ... on level 5 of the Dungeon.
             The game lasted 00:06:07 (5427 turns).

mopl the Chopper (Demonspawn Wanderer)              Turns: 5427, Time: 00:06:07

Health: -4/55      AC:  7    Str: 14    XL:     7   Next: 27%
Magic:  8/8        EV:  8    Int: 12    God:    Makhleb [......]
Gold:   273        SH:  0    Dex: 14    Spells: 6/6 levels left

rFire    . . .     SeeInvis +   a - +0 war axe
rCold    . . .     Gourm    .   (no shield)
rNeg     . . .     Faith    .   i - +0 scale mail
rPois    .         Spirit   .   (helmet unavailable)
rElec    .         Reflect  .   j - +0 cloak
rCorr    .         Harm     .   (no gloves)
MR       .....                  (no boots)
Stlth    ..........             (no amulet)
HPRegen  0.18/turn              (no ring)
MPRegen  0.11/turn              (no ring)

@: heavily drained
A: antennae 3
a: Renounce Religion


You were on level 5 of the Dungeon.
You worshipped Makhleb.
Makhleb was noncommittal.
You were not hungry.

You visited 2 branches of the dungeon, and saw 6 of its levels.

You collected 273 gold pieces.

Inventory:

Hand Weapons
 a - a +0 war axe (weapon)
 b - a +0 blowgun
 c - a +0 dagger of venom
 s - a +0 hand axe
Missiles
 p - 2 curare-tipped needles
 r - 9 poisoned needles
 w - 7 tomahawks (quivered)
Armour
 i - a +0 scale mail (worn)
 j - a +0 cloak (worn)
Scrolls
 e - 2 scrolls of teleportation {unknown}
 g - 3 scrolls of enchant armour {unknown}
 h - a scroll of amnesia {unknown}
 k - 2 scrolls of blinking {unknown}
 l - a scroll of fog {unknown}
 n - 3 scrolls of remove curse {unknown}
 u - a scroll of magic mapping {unknown}
 v - a scroll of fear {unknown}
Potions
 d - a potion of invisibility
 m - a potion of curing
 o - 2 potions of heal wounds
 q - a potion of brilliance
 t - a potion of flight
 x - a potion of lignification {!q}
 A - a potion of agility {unknown}
Comestibles
 f - 11 rations


   Skills:
 + Level 4.4(2.7) Fighting
 * Level 6.4(4.7) Axes
   Level 1.7(2.7) Maces & Flails
 + Level 2.4(0.8) Armour
   Level 1.0(0.0) Shields
 + Level 2.2(0.6) Invocations
   Level 1.0(0.0) Evocations


You had 6 spell levels left.
You didn't know any spells.

Dungeon Overview and Level Annotations

Branches:
Dungeon (5/15)             Temple (1/1) D:4

Altars:
Ashenzari
Cheibriados
Dithmenos
Elyvilon
Fedhas
Gozag
Hepliaklqana
Kikubaaqudgha
Makhleb
Nemelex Xobeh
Okawaru
Qazlal
Ru
Sif Muna
Trog
Uskayaw
Vehumet
Wu Jian
Xom
Yredelemnul
Zin
The Shining One


Innate Abilities, Weirdness & Mutations

You have a pair of large antennae on your head. (SInv)


Message History

Aim: a two-headed ogre, wielding two giant spiked clubs (lightly wounded, slow, poisoned)
You shoot a poisoned needle.
The poisoned needle hits the two-headed ogre.
The two-headed ogre looks even sicker.
The two-headed ogre is lightly wounded.
Firing (i - inventory. (,) - cycle):
r - 10 poisoned needles (quivered)
Press: ? - help, Shift-Dir - straight line, f/p - two-headed ogre
Aim: a two-headed ogre, wielding two giant spiked clubs (lightly wounded, slow, poisoned)
You shoot a poisoned needle.
The poisoned needle barely misses the two-headed ogre.
a - a +0 war axe (weapon)
You hit the two-headed ogre but do no damage.
The two-headed ogre is lightly wounded.
The two-headed ogre closely misses you. The two-headed ogre barely misses you.
You barely miss the two-headed ogre.
The two-headed ogre is lightly wounded.
The two-headed ogre hits you with a giant spiked club!!
Ouch! That really hurt!
The two-headed ogre hits you with a giant spiked club!!
You die...

# #...# #####...#######.
..............(.#
##.###..#######(# ##.# #..# #(#
..># #..## #(# ######)..## #(#
##.....## #O#####.#
####.......## #.@.....#
............###.#######
####............#
..........#.....#
######...##.#.#.#
##.###.#.#.######### #.#
#.#..#........#
#######.###.#.#.#######.########
...........>#.#................#


You could see a two-headed ogre.

Vanquished Creatures
  An ogre (D:4)
  2 scorpions (D:4)
  A hound (D:5)
  2 orc wizards (D:3)
  Natasha (thrice) (D:4)
  An iguana (D:5)
  4 worker ants
  6 adders
  An adder skeleton (D:4)
  4 worms
  3 dart slugs
  6 leopard geckos
  14 orcs
  10 bats
  4 giant cockroaches
  5 goblins
  5 hobgoblins
  8 jackals
  7 kobolds
  2 quokkas
  4 ball pythons
  8 frilled lizards
  9 rats
110 creatures vanquished.

Notes
Turn   | Place    | Note
-------+----------+-------------------------------------------
     0 | D:1      | mopl the Demonspawn Wanderer began the quest for the Orb.
     0 | D:1      | mopl set off with: a +2 mace, a +0 hand axe, a potion of curing, a +0 robe, a ration
     0 | D:1      | Reached XP level 1. HP: 19/19 MP: 1/1
   246 | D:1      | Reached skill level 1 in Axes
   284 | D:1      | Gained mutation: You have a pair of small antennae on your head. [demonic ancestry]
   284 | D:1      | Reached XP level 2. HP: 4/25 MP: 2/2
   922 | D:1      | Reached skill level 2 in Axes
  1107 | D:1      | Reached XP level 3. HP: 15/30 MP: 3/3
  1911 | D:2      | Reached skill level 3 in Axes
  2144 | D:2      | Gained mutation: You have a pair of antennae on your head. [demonic ancestry]
  2144 | D:2      | Reached XP level 4. HP: 26/37 MP: 4/4
  2723 | D:3      | Reached skill level 4 in Axes
  2881 | D:3      | Reached XP level 5. HP: 35/42 MP: 5/5
  2976 | D:3      | Found a shadowy altar of Dithmenos.
  3041 | D:3      | Reached skill level 5 in Axes
  3597 | D:4      | Gained mutation: You have a pair of large antennae on your head. (SInv) [demonic ancestry]
  3597 | D:4      | Reached XP level 6. HP: 48/48 MP: 6/6
  3960 | D:4      | Noticed Natasha
  3968 | D:4      | Killed Natasha
  3990 | D:4      | Found a staircase to the Ecumenical Temple.
  4036 | Temple   | Entered the Ecumenical Temple
  4094 | Temple   | Became a worshipper of Makhleb the Destroyer
  4146 | D:4      | Noticed Natasha
  4156 | D:4      | Killed Natasha
  4160 | D:4      | Reached skill level 6 in Axes
  4160 | D:4      | Reached skill level 2 in Armour
  4160 | D:4      | Reached skill level 1 in Invocations
  4185 | D:4      | HP: 2/48 [poisoned by a scorpion]
  4544 | D:4      | Reached XP level 7. HP: 35/54 MP: 6/8
  4562 | D:4      | Found a sparkling altar of Nemelex Xobeh.
  4588 | D:4      | Noticed Natasha
  4593 | D:4      | Killed Natasha
  4831 | D:5      | Entered Level 5 of the Dungeon
  4899 | D:5      | Reached skill level 2 in Invocations
  5418 | D:5      | Noticed a two-headed ogre
  5427 | D:5      | Slain by a two-headed ogre

Vault maps used:
D:1:      dpeg_arrival_rhombi
D:3:      nicolae_dithmenos_through_a_glass_darkly, serial_glass,
          glass_columns_a, glass_columns_a
D:4:      minmay_temple_entry_butterflies, nemelex_diamond_rough_becter,
          uniq_natasha
D:5:      serial_shops, nicolae_shop_waterfront, first_ration
Temple:   compressed_dpeg_circular_temple

Skill      XL: |  1  2  3  4  5  6  7 |
---------------+----------------------+-----
Axes           | 1 2 3 4 5 6 |  6.4
Armour         | 2 |  2.4
Invocations    | 1 2 |  2.2
Fighting       | |  4.4
Maces & Flails | |  1.7
Shields        | |  1.0
Evocations     | |  1.0

Action                   |  1- 3 |  4- 6 |  7- 9 || total
-------------------------+-------+-------+-------++-------
Melee: Hand axe          |    91 |       |       ||    91
       Dagger            |    59 |    94 |       ||   153
       War axe           |       |   102 |    49 ||   151
 Fire: Blowgun           |       |       |     5 ||     5
  Use: Potion            |     1 |     2 |       ||     3
       Scroll            |       |     4 |     1 ||     5
 Stab: Sleeping          |     1 |       |       ||     1
  Eat: Chunk             |     4 |     8 |     3 ||    15
Armor: Robe              |    19 |       |       ||    19
       Scale mail        |    22 |    93 |    20 ||   135
Dodge: Dodged            |    78 |    81 |    32 ||   191

Table legend:
 A = Spawn XP
 B = Non-spawn XP
 C = Spawn XP percentage of total XP
 D = Spawn monster count
 E = Non-spawn monster count
 F = Spawn count percentage of total count
 G = Total turns spent on level
                    A         B        C        D         E        F      G
               +---------+---------+-------+---------+---------+-------+---------
         Total |       0 |     926 |   0.0 |       0 |     110 |   0.0 |  5427
               +---------+---------+-------+---------+---------+-------+---------
           D:1 |       0 |      44 |   0.0 |       0 |      25 |   0.0 |  1626
           D:2 |       0 |      72 |   0.0 |       0 |      23 |   0.0 |   823
           D:3 |       0 |     235 |   0.0 |       0 |      39 |   0.0 |  1145
           D:4 |       0 |     422 |   0.0 |       0 |      17 |   0.0 |  1167
           D:5 |       0 |     153 |   0.0 |       0 |       6 |   0.0 |   596
               +---------+---------+-------+---------+---------+-------+---------
